 Dungeon Crawl Stone Soup version 0.25.1-2-g60ff931df9 (webtiles) character file.

Game seed: 17335927356588391914

232 Johnny the Changer (level 6, -5/42 HPs)
             Began as an Octopode Transmuter on Aug 16, 2020.
             Killed from afar by Dowan (15 damage)
             ... with a shard of ice
             ... on level 4 of the Dungeon.
             The game lasted 00:03:02 (4785 turns).

Johnny the Changer (Octopode Transmuter)            Turns: 4785, Time: 00:03:03

Health: -5/42      AC:  1    Str: 10    XL:     6   Next: 4%
Magic:  9/9        EV: 13    Int: 15    God:
Gold:   124        SH:  0    Dex: 14    Spells: 8/9 levels left

rFire    . . .     SeeInvis .     - Unarmed
rCold    . . .     Gourm    .   (no shield)
rNeg     . . .     Faith    .   (helmet restricted)
rPois    .         Spirit   .   (no amulet)
rElec    .         Reflect  .   (no ring)
rCorr    .         Harm     .   (no ring)
MR       .....                  (no ring)
Stlth    +++.......             (no ring)
HPRegen  0.14/turn              (no ring)
MPRegen  0.11/turn              (no ring)
                                (no ring)
                                (no ring)

@: appendage
A: almost no armour, stealthy swim, amphibious, 8 rings, constrict 8, tentacle
spike 3, camouflage 1, gelatinous body 1
a: End Transformation


You were on level 4 of the Dungeon.
You were not hungry.
One of your tentacles had a temporary spike.
You visited 1 branch of the dungeon, and saw 4 of its levels.

You collected 124 gold pieces.

Inventory:

Missiles
 a - 42 arrows
Jewellery
 e - an uncursed ring of poison resistance {unknown}
Wands
 k - a wand of flame (15)
Scrolls
 b - a scroll of remove curse {unknown}
 g - 4 scrolls of identify {unknown}
 h - 2 scrolls of teleportation {unknown}
 i - a scroll of noise {unknown}
 j - a scroll of immolation {unknown}
 m - a scroll of enchant armour {unknown}
Potions
 f - a potion of magic {unknown}
 l - a potion of lignification {unknown}
Comestibles
 c - 9 rations


   Skills:
 + Level 3.5 Fighting
 - Level 2.0 Dodging
 + Level 3.6 Stealth
 - Level 3.0 Unarmed Combat
 - Level 2.0 Spellcasting
 + Level 4.0 Transmutations


You had 8 spell levels left.
You knew the following spells:

 Your Spells              Type           Power        Failure   Level  Hunger
a - Beastly Appendage     Tmut           ##....       4%          1    #......

Your spell library contained the following spells:

 Spells                   Type           Power        Failure   Level  Hunger
 Sticks to Snakes         Tmut           ##......     6%          2    ###....
 Passwall                 Tmut/Erth      #.......     14%         2    ###....
 Shock                    Conj/Air       #...         22%         1    #......
 Spider Form              Tmut/Pois      #.........   28%         3    ###....
 Searing Ray              Conj           #.....       32%         2    ###....
 Conjure Flame            Conj/Fire      #.......     54%         3    ###....
 Dazzling Flash           Conj/Hex       #.....       54%         3    ###....
 Ice Form                 Ice/Tmut       #.......     67%         4    #####..
 Blade Hands              Tmut           ##........   75%         5    ######.
 Sticky Flame             Conj/Fire      #.......     91%         4    #####..


Dungeon Overview and Level Annotations

Branches:
Dungeon (4/15)
 Temple: D:4-7

Altars:
Hepliaklqana
Qazlal

Annotations:
D:4 Dowan


Innate Abilities, Weirdness & Mutations

You cannot wear most types of armour.
You are very stealthy in the water. (Stealth+)
You are amphibious.
You can wear up to eight rings at the same time.
You can use your tentacles to constrict eight enemies at once.
Your skin changes colour to match your surroundings (Stealth+).
Your rubbery body absorbs attacks. (AC +1, EV +1)
One of your tentacles bears a large vicious spike.


Message History

Dowan says, "My weaknesses are her strengths!"
You tentacle-slap Duvessa but do no damage.
You pierce Duvessa, but do no damage.
You squeeze Duvessa.
You kill Duvessa!
Dowan's eyes darken. "You have made a black mistake."
Dowan seems to find hidden reserves of power!
Your Stealth skill increases to level 3!
Your Transmutations skill increases to level 4!
You have reached level 6!
Your experience leads to an increase in your attributes!
Increase (S)trength, (I)ntelligence, or (D)exterity?
You feel agile.
Evoke which item? (* to show all) (? for menu, Esc to quit)
Aiming: Throw Flame
Press: ? - help, Shift-Dir - straight line, f - Dowan
Aim: Dowan, wielding a +0 dagger and wearing a +0 robe (severely wounded, fast)
The puff of flame misses Dowan.
Dowan casts a spell at you. The shard of ice hits you!
You die...

############
#..........#
#..........#
#..........#
#..........#
#..........#
#####...###..####
#..##..##...###.....#
....e..)@....#.....##
[.
...........†.#.....#
...
.............#.....#
#..
#####..###..###.#..#
#..##### ###
#..###.#### ......+
#..#....# ....#
#..#....# ##+##..#
#..##..#######
###..##.<#
#####.........


You could see Dowan (fast).

Vanquished Creatures
  Duvessa (D:4)
  A scorpion (D:4)
  2 adders (D:3)
  An ooze (D:3)
  2 worms (D:2)
  4 leopard geckos
  3 orcs (D:4)
  7 goblins
  2 hobgoblins
  6 jackals
  2 quokkas (D:2)
  2 bats
  3 frilled lizards
  9 kobolds
  7 rats
52 creatures vanquished.

Notes
Turn   | Place    | Note
-------+----------+-------------------------------------------
     0 | D:1      | Johnny the Octopode Transmuter began the quest for the Orb.
     0 | D:1      | Reached XP level 1. HP: 13/13 MP: 3/3
   770 | D:1      | Reached XP level 2. HP: 18/18 MP: 5/5
  1452 | D:2      | Reached XP level 3. HP: 21/24 MP: 6/6
  2229 | D:2      | Reached skill level 3 in Transmutations
  2927 | D:3      | Reached skill level 1 in Stealth
  3200 | D:3      | Reached XP level 4. HP: 23/30 MP: 4/7
  3457 | D:3      | Found a stormy altar of Qazlal.
  3457 | D:3      | Found a hazy altar of Hepliaklqana.
  4210 | D:4      | Noticed a phantom
  4748 | D:4      | Identified the Catalogue of Earthen Confrontation
  4764 | D:4      | Reached XP level 5. HP: 36/36 MP: 8/8
  4767 | D:4      | Noticed Dowan
  4772 | D:4      | Noticed Duvessa
  4784 | D:4      | Killed Duvessa
  4784 | D:4      | Reached skill level 4 in Transmutations
  4784 | D:4      | Reached XP level 6. HP: 10/42 MP: 9/9
  4785 | D:4      | Killed from afar by Dowan

Illustrated notes

Levels and vault maps discovered:
D:1:      heliophobic_arrival_enchanted_forest, layout_loops_corners
D:2:      layout_basic
D:3:      layout_basic, chequers_temple_overflow_statue_of_worship, first_ration
D:4:      layout_gridville, uniq_duvessa

Skill      XL: |  1  2  3  4  5 |
---------------+----------------+-----
Fighting       | 2 3 |  3.5
Transmutations | 3 4 |  4.0
Stealth        | 1 2 3 |  3.6
Dodging        | |  2.0
Unarmed Combat | |  3.0
Spellcasting   | |  2.0

Action                   |  1- 3 |  4- 6 || total
-------------------------+-------+-------++-------
Melee: Unarmed           |    83 |    42 ||   125
       Constrict         |    24 |     6 ||    30
       Tentacles         |    12 |     7 ||    19
       Kick              |    13 |     6 ||    19
       Punch             |       |     2 ||     2
 Cast: Beastly Appendage |    11 |     3 ||    14
Evoke: Wand              |       |    11 ||    11
  Use: Potion            |       |     2 ||     2
 Stab: Sleeping          |     4 |     2 ||     6
  Eat: Chunk             |     6 |     6 ||    12
Armor: Skin              |     4 |       ||     4
Dodge: Dodged            |    40 |    24 ||    64
